Map: Beckett Industries LE

Players

Reynor - Winner!

  • Race: Zerg Zerg

Dream

  • Race: Terran Terran

Event: DreamHack SC2 Masters 2021 Summer

VOD

Have the link to the VOD?

Description

Time

  • Played on: July 3, 2021, 3:04 p.m.
  • Length: 22:19

All games in this series

Show
View Real Time Build Order
Export as new Build Order

Reynor Zerg - Winner!

Build Orders: Pool First 

Get SALT Encoding   

  12  0:01  Drone  
  13  0:12  Overlord  
  13  0:17  Drone  
  14  0:31  Drone x2  
  14  0:35  Drone  
  17  0:44  Spawning Pool  
  17  0:48  Drone  
  17  1:08  Hatchery  
  17  1:10  Drone  
  17  1:31  Queen, Zergling x6  
  22  1:42  Overlord  
  22  1:45  Extractor  
  21  1:53  Drone  
  22  2:04  Drone  
  22  2:07  Queen  
  25  2:15  Drone  
  26  2:20  Drone  
  27  2:26  Drone, Queen  
  30  2:31  Overlord  
  30  2:36  Drone  
  31  2:40  Drone x2  
  31  2:42  Drone x2  
  33  2:50  Drone  
  34  2:52  Metabolic Boost  
  34  2:53  Drone  
  35  3:00  Drone  
  35  3:04  Drone  
  37  3:11  Hatchery  
  36  3:16  Drone x3  
  36  3:18  Drone  
  40  3:21  Overlord  
  40  3:24  Drone  
  41  3:27  Drone  
  42  3:35  Overlord  
  42  3:40  Queen  
  44  3:41  Drone x2  
  44  3:43  Drone x2  
  48  3:51  Drone x3  
  51  3:57  Hatchery  
  51  4:04  Extractor  
  51  4:05  Drone x2, Baneling Nest  
  51  4:06  Zergling x4  
  51  4:08  Queen  
  55  4:12  Drone x2  
  55  4:13  Overlord  
  55  4:14  Zergling x2  
  55  4:17  Zergling x2  
  59  4:23  Overlord  
  59  4:26  Zergling x6  
  59  4:28  Drone  
  59  4:30  Lair  
  63  4:33  Zergling x2  
  63  4:38  Zergling x4  
  66  4:42  Zergling x2  
  67  4:46  Zergling x2  
  67  4:49  Zergling x6  
  67  4:51  Zergling x4  
  67  4:52  Baneling x5  
  73  4:55  Queen  
  73  4:57  Zergling x6  
  73  4:59  Overlord  
  78  5:01  Baneling  
  78  5:02  Baneling  
  78  5:03  Drone  
  78  5:04  Drone  
  80  5:09  Overlord  
  80  5:12  Drone x2  
  82  5:20  Overlord  
  82  5:22  Evolution Chamber  
  82  5:28  Drone x6  
  82  5:29  Drone x2  
  82  5:33  Drone  
  83  5:35  Centrifical Hooks  
  83  5:36  Drone  
  83  5:40  Queen  
  86  5:43  Drone  
  86  5:48  Drone x2  
  89  5:54  Extractor  
  89  5:56  Extractor  
  87  5:58  Zergling x10  
  87  6:01  Zergling x2  
  87  6:03  Zerg Ground Armor Level 1, Zergling x2  
  95  6:04  Drone x2  
  95  6:06  Extractor, Overlord  
  95  6:07  Hatchery, Queen  
  95  6:08  Overlord  
  96  6:15  Zergling x2  
  96  6:17  Overlord  
  97  6:25  Baneling x4  
  97  6:26  Zergling x14  
  97  6:29  Zergling x4  
  106  6:33  Overlord  
  106  6:37  Zergling x2  
  106  6:38  Baneling x5  
  106  6:39  Zergling x4  
  110  6:40  Zergling x8  
  112  6:47  Zergling x4  
  112  6:51  Zergling x4  
  112  6:53  Zergling x8  
  116  7:02  Zergling x2  
  116  7:04  Zergling x4  
  116  7:05  Queen x2  
  116  7:06  Queen  
  116  7:07  Overlord  
  124  7:14  Baneling x8  
  123  7:18  Overlord  
  123  7:21  Zergling x8  
  123  7:22  Zergling x2  
  128  7:24  Baneling x3  
  128  7:26  Baneling x9  
  128  7:27  Zergling x4  
  130  7:32  Zergling x4  
  130  7:34  Zergling x2  
  132  7:42  Zergling x10  
  132  7:43  Zergling x12  
  143  7:47  Queen  
  143  7:49  Overlord  
  144  7:54  Drone, Evolution Chamber  
  144  7:57  Overlord  
  144  8:02  Zerg Ground Armor Level 2  
  143  8:06  Queen, Overlord  
  143  8:08  Drone x4  
  143  8:09  Queen  
  151  8:13  Infestation Pit  
  151  8:14  Drone x2  
  151  8:16  Drone x2  
  151  8:18  Drone x3, Burrow  
  151  8:19  Drone  
  158  8:20  Drone  
  158  8:23  Zerg Melee Weapons Level 1  
  158  8:26  Queen  
  161  8:31  Zergling x10  
  166  8:42  Zergling x4  
  166  8:44  Overlord  
  165  8:50  Hive  
  165  8:54  Zergling x2  
  165  8:55  Zergling x4  
  168  8:57  Overlord  
  168  9:03  Overlord  
  168  9:05  Overlord  
  167  9:13  Hatchery  
  166  9:20  Zergling x2  
  166  9:21  Zergling x28  
  166  9:22  Overlord  
  181  9:25  Queen x2  
  185  9:31  Zergling x4  
  185  9:32  Zergling x6  
  190  9:46  Zergling x14  
  190  9:48  Baneling x5  
  190  9:49  Baneling x5, Zergling x2  
  197  9:53  Baneling x7  
  197  10:02  Pneumatized Carapace  
  197  10:06  Drone x2  
  199  10:08  Spire  
  199  10:09  Extractor  
  197  10:17  Drone x2  
  197  10:20  Drone x2  
  200  10:23  Extractor  
  200  10:24  Extractor x2  
  197  10:28  Zerg Ground Armor Level 3  
  197  10:29  Zerg Melee Weapons Level 2  
  196  10:37  Drone x4  
  200  10:51  Drone, Spore Crawler  
  200  10:52  Spore Crawler  
  200  10:53  Drone  
  200  10:59  Hatchery  
  200  11:00  Drone  
  200  11:12  Spore Crawler  
  200  11:13  Spore Crawler, Adrenal Glands  
  200  11:14  Spore Crawler  
  200  11:17  Drone x3  
  199  11:24  Greater Spire  
  191  11:30  Viper x3  
  199  11:36  Drone  
  199  11:38  Extractor  
  199  11:39  Extractor  
  198  11:41  Drone  
  198  11:42  Drone  
  200  12:00  Baneling x6  
  196  12:35  Extractor  
  195  12:40  Zerg Flyer Weapons Level 1  
  195  13:04  Zerg Melee Weapons Level 3  
  195  13:09  Extractor x2  
  163  13:21  Corruptor x11  
  163  13:23  Zergling x34  
  190  13:32  Zergling x38  
  199  13:58  Baneling x12  
  199  14:11  Hatchery  
  182  14:30  Zergling x38  
  200  14:35  Ultralisk Cavern  
  199  14:43  Baneling x15  
  199  14:45  Drone  
  200  14:50  Baneling  
  200  14:51  Baneling x9  
  200  14:57  Zerg Flyer Weapons Level 2  
  178  15:12  Zergling x42  
  178  15:13  Zergling x38  
  193  15:18  Overlord  
  183  15:25  Corruptor x5  
  183  15:26  Corruptor x3  
  183  15:28  Chitinous Plating  
  169  15:29  Ultralisk  
  169  15:30  Zergling x2, Ultralisk x4  
  200  15:40  Baneling x10  
  200  15:48  Baneling  
  200  15:49  Baneling x7  
  200  15:54  Baneling x7  
  200  15:55  Overseer  
  200  16:14  Baneling x10  
  198  16:47  Anabolic Synthesis  
  193  17:15  Zergling x50  
  179  17:23  Zergling x38  
  179  17:24  Zergling x6, Ultralisk  
  190  17:36  Zergling x28, Ultralisk x3  
  186  17:46  Zergling x2, Ultralisk x2  
  186  17:47  Zergling x2  
  200  18:00  Overseer  
  200  18:11  Zergling x30  
  200  18:12  Zergling x18  
  171  18:20  Zergling x2  
  171  18:25  Zergling x14, Ultralisk x3  
  191  18:29  Zergling x4  
  181  18:37  Infestor x5  
  181  18:38  Pathogen Glands  
  181  18:41  Zergling x6  
  193  18:45  Zergling x6  
  193  18:48  Zergling x4  
  193  18:55  Zergling x16  
  187  19:23  Zergling x6  
  187  19:24  Zergling x32  
  187  19:28  Queen  
  187  19:31  Infestor x3  
  181  19:50  Zergling x34  
  195  19:58  Zergling x4  
  195  19:59  Zergling x6  
  188  20:00  Zergling x4  
  167  20:08  Zergling x8  
  171  20:15  Ultralisk x2  
  171  20:16  Zergling x4, Ultralisk x2  
  171  20:20  Zergling x2  
  194  20:23  Zergling x6  
  194  20:27  Infestor x8  
  195  20:29  Zergling x8  
  198  20:38  Baneling  
  198  20:39  Baneling x19  
  198  20:40  Baneling x2  
  198  20:43  Neural Parasite  
  198  20:47  Baneling x11  
  198  20:48  Baneling  
  180  21:09  Zergling x36  
  180  21:10  Zergling x6  
  199  21:18  Zergling x14  
  196  21:25  Zergling x10  
  187  21:27  Zergling x2  
  200  21:56  Overseer  
Show
View Real Time Build Order
Export as new Build Order

Dream Terran 

Build Orders:  

Get SALT Encoding   

  12  0:00  SCV  
  13  0:12  SCV  
  14  0:17  Supply Depot  
  14  0:24  SCV  
  15  0:38  SCV  
  15  0:39  Barracks  
  16  0:43  Refinery  
  16  0:50  SCV  
  17  1:03  SCV  
  18  1:16  SCV  
  19  1:27  Barracks Reactor  
  19  1:28  Orbital Command  
  19  1:39  Command Center  
  19  1:49  Supply Depot  
  19  1:54  SCV  
  20  2:02  Barracks  
  20  2:06  SCV, Marine  
  22  2:09  Marine  
  23  2:18  SCV  
  24  2:22  Barracks  
  24  2:24  Marine  
  24  2:27  Marine  
  25  2:33  SCV  
  25  2:44  Marine  
  25  2:45  Marine  
  25  2:46  SCV  
  25  2:50  Barracks Tech Lab  
  28  2:58  SCV  
  29  3:04  Marine  
  29  3:05  Marine  
  31  3:09  Stimpack  
  31  3:10  Barracks Tech Lab  
  31  3:15  SCV, Marine, Orbital Command  
  33  3:23  Marine x2  
  35  3:27  SCV  
  35  3:29  Marine, Combat Shield  
  37  3:36  Marine  
  37  3:39  SCV  
  37  3:41  Marine x2, Supply Depot  
  39  3:43  SCV  
  42  3:51  SCV  
  42  3:54  Factory  
  42  3:55  SCV  
  44  3:56  Marine x2  
  46  4:03  Refinery, SCV  
  46  4:07  SCV  
  46  4:09  Refinery, Marine  
  49  4:12  Marine  
  49  4:16  Supply Depot  
  50  4:17  SCV  
  50  4:19  SCV  
  50  4:21  Supply Depot  
  50  4:22  Marine  
  53  4:29  Engineering Bay  
  53  4:32  SCV  
  53  4:36  Supply Depot  
  53  4:37  SCV, Marine  
  53  4:38  Marine  
  57  4:44  Starport, Factory Reactor  
  57  4:46  SCV  
  57  4:51  SCV  
  59  4:58  SCV  
  59  4:59  Engineering Bay  
  60  5:03  SCV  
  60  5:05  Terran Infantry Weapons Level 1  
  61  5:08  Refinery  
  61  5:10  SCV, Marine  
  61  5:11  Marine  
  65  5:16  Marine  
  65  5:19  SCV  
  67  5:22  SCV  
  67  5:31  SCV  
  67  5:34  Marine x2  
  67  5:35  Marine  
  55  5:37  Barracks Reactor, Medivac x2  
  55  5:39  Siege Tank  
  55  5:40  SCV  
  63  5:43  SCV  
  63  5:44  Supply Depot  
  63  5:49  Terran Infantry Armor Level 1  
  64  5:52  Marine  
  64  5:53  Marine x2  
  64  5:56  SCV x2  
  69  6:09  Marine  
  69  6:10  Marine  
  69  6:11  Marine, Medivac, Siege Tank  
  72  6:17  Command Center  
  72  6:18  Marine x2  
  79  6:23  SCV x2  
  81  6:25  Supply Depot  
  81  6:27  Marine  
  81  6:28  Marine x2  
  84  6:35  SCV x2  
  86  6:40  Supply Depot  
  86  6:47  Marine x2  
  86  6:49  Liberator x2  
  86  6:52  Marine x2  
  86  6:53  Marine  
  94  6:58  SCV  
  94  7:02  SCV  
  94  7:07  Marine  
  94  7:08  Marine  
  96  7:10  SCV  
  96  7:14  SCV  
  96  7:15  Siege Tank  
  101  7:16  Marine  
  101  7:17  Supply Depot  
  102  7:28  Marine x4  
  106  7:36  SCV x2  
  108  7:37  Armory  
  108  7:42  Marine  
  108  7:45  Orbital Command  
  108  7:46  Marine  
  108  7:50  Siege Tank  
  112  7:52  SCV x2  
  113  8:02  Barracks, Command Center  
  113  8:03  Barracks  
  113  8:04  SCV x2  
  114  8:14  SCV  
  114  8:16  Refinery, SCV  
  114  8:17  Refinery  
  116  8:22  SCV  
  116  8:23  Medivac x2  
  116  8:26  SCV, Supply Depot  
  122  8:27  Terran Infantry Weapons Level 2  
  122  8:28  Supply Depot  
  122  8:33  Terran Vehicle Weapons Level 1  
  122  8:35  SCV x2  
  122  8:38  SCV  
  125  8:42  Terran Infantry Armor Level 2  
  125  8:47  SCV x2  
  125  8:48  Siege Tank  
  124  8:50  SCV, Factory  
  124  8:52  Barracks Tech Lab x2  
  125  8:59  SCV  
  125  9:01  Supply Depot  
  125  9:02  Marauder, Supply Depot  
  128  9:04  SCV x2  
  128  9:08  Marine x4  
  134  9:11  Liberator  
  134  9:15  SCV  
  134  9:16  SCV  
  139  9:23  Marine, Siege Tank  
  139  9:24  Factory  
  143  9:26  Marine  
  143  9:31  Supply Depot x2  
  144  9:32  Marauder x2, Supply Depot  
  144  9:33  SCV x2, Supply Depot  
  144  9:36  Factory Tech Lab  
  150  9:39  Concussive Shells  
  150  9:41  Liberator  
  153  9:46  SCV x2  
  153  9:47  Sensor Tower  
  153  9:48  SCV  
  156  9:54  Marauder x2, Planetary Fortress, Medivac  
  156  9:58  SCV x2  
  164  10:08  Refinery x2  
  164  10:12  Sensor Tower, Missile Turret  
  164  10:15  Factory Tech Lab, Command Center  
  164  10:16  Siege Tank  
  164  10:18  Siege Tank  
  170  10:25  SCV  
  170  10:27  Barracks  
  171  10:28  Barracks  
  171  10:31  SCV  
  171  10:32  SCV  
  171  10:33  Missile Turret  
  173  10:38  Siege Tank  
  173  10:40  SCV  
  177  10:43  SCV  
  177  10:46  Terran Vehicle Weapons Level 2  
  177  10:47  Ghost Academy  
  177  10:48  Siege Tank  
  181  10:53  Command Center  
  181  11:04  Terran Infantry Weapons Level 3  
  181  11:11  Missile Turret  
  181  11:14  Terran Infantry Armor Level 3  
  181  11:16  Command Center  
  178  11:30  Siege Tank x2  
  178  11:31  Siege Tank  
  184  11:35  Orbital Command  
  184  11:36  Barracks Tech Lab  
  184  11:37  Barracks Tech Lab  
  184  11:38  Command Center  
  184  11:43  Personal Cloaking  
  184  11:47  Barracks  
  184  11:57  Command Center, Viking x2  
  188  12:10  Thor  
  188  12:11  Thor  
  188  12:13  Planetary Fortress  
  200  12:39  Armory  
  200  12:51  Missile Turret  
  200  12:58  Refinery  
  200  13:01  Orbital Command, Missile Turret  
  200  13:03  Sensor Tower  
  200  13:04  Terran Vehicle And Ship Armor Level 1  
  200  13:07  Command Center  
  193  13:15  Viking, Thor x3  
  193  13:18  Orbital Command  
  178  13:27  Refinery  
  178  13:28  Missile Turret  
  178  13:29  Sensor Tower  
  178  13:40  Viking  
  172  13:43  Ghost x3  
  172  13:44  Ghost  
  172  13:45  Command Center, Viking  
  172  13:47  Orbital Command  
  182  13:53  Orbital Command  
  182  14:09  Refinery  
  182  14:10  Ghost, Viking  
  182  14:11  Ghost  
  182  14:15  Viking  
  190  14:23  Thor  
  190  14:26  Thor  
  194  14:34  Thor  
  200  14:50  Neosteel Armor  
  200  14:52  Hi-Sec Auto Tracking, Terran Vehicle Weapons Level 3  
  200  14:55  Infernal Pre-Igniter  
  200  15:03  Factory  
  200  15:05  Factory  
  167  15:24  Thor  
  167  15:34  Siege Tank x2  
  161  15:38  Orbital Command  
  161  15:53  Barracks Tech Lab  
  161  15:54  Terran Vehicle And Ship Armor Level 2, Nuke, Missile Turret  
  161  15:56  Viking x2  
  165  15:57  Planetary Fortress  
  165  16:13  Barracks Tech Lab  
  165  16:17  Refinery, Barracks Tech Lab  
  165  16:22  Command Center  
  165  16:24  Command Center  
  165  16:28  Thor, Siege Tank x2  
  177  16:36  Sensor Tower  
  177  16:59  SCV x5  
  177  17:00  SCV x2, Siege Tank x2  
  190  17:05  SCV x2  
  192  17:08  Orbital Command  
  192  17:11  SCV  
  192  17:12  Siege Tank  
  192  17:15  Ghost x4  
  183  17:18  Ghost  
  180  17:35  Thor  
  180  17:36  Ghost, Thor  
  168  17:43  Thor  
  168  17:45  SCV x6  
  168  17:47  SCV x2  
  168  17:50  Orbital Command  
  176  18:05  Missile Turret  
  159  18:14  Hellbat x2  
  159  18:15  Siege Tank  
  159  18:19  Widow Mine  
  154  18:22  Ghost x4  
  154  18:24  SCV x7  
  154  18:26  SCV  
  156  18:37  SCV  
  156  18:38  Siege Tank x2  
  156  18:40  Orbital Command  
  159  18:50  Siege Tank x2  
  159  18:51  Hellbat  
  164  19:02  Widow Mine  
  166  19:08  Orbital Command  
  166  19:10  Widow Mine  
  157  19:18  Orbital Command  
  157  19:21  Hellbat x2  
  154  19:28  Orbital Command  
  154  19:39  Siege Tank x2  
  154  19:40  Widow Mine, Siege Tank  
  154  19:42  Widow Mine  
  162  19:51  SCV x6  
  168  19:53  Orbital Command  
  168  19:55  SCV  
  165  20:06  Hellbat x2  
  129  20:08  Orbital Command  
  121  20:16  Widow Mine, Hellbat x2  
  126  20:23  Sensor Tower  
  126  20:37  Widow Mine x2  
  126  20:38  Siege Tank, Hellbat x2  
  126  20:39  Widow Mine  
  139  20:46  Missile Turret  
  139  20:48  Marine x4  
  139  20:49  Marine x3, Missile Turret  
  146  20:57  Refinery  
  143  21:06  Marine x4  
  143  21:07  Widow Mine x2, Marine  
  143  21:09  Widow Mine x2, Ghost  
  108  21:21  Thor  
  108  21:24  Marauder, Marine  
  108  21:25  Marauder, Marine x3  
  92  21:28  SCV  
  92  21:29  SCV x5  
  90  21:38  Marine  
  89  21:42  Marine x4  
  89  21:45  Marine x2  
  89  21:46  Widow Mine x3  
  89  21:47  Widow Mine x2  
  105  21:50  Orbital Command  
  105  21:56  Marine  
  105  22:00  Marine x4  
Tags
 
Add a new tag
Caveats
  • Supply blocks, unpowered buildings, or Contaminate may cause inaccurate times.
  • Supply counts are checked every 10 seconds.